 Dungeon Crawl Stone Soup version 0.20.0-8-g6b59dc7 (webtiles) character file.

94 MTVSty1e the Ruffian (level 4, -4/37 HPs)
             Began as a Draconian Transmuter on June 2, 2017.
             Slain by Sigmund
             ... wielding a +0 scythe
              (7 damage)
             ... on level 2 of the Dungeon.
             The game lasted 00:04:17 (1902 turns).

MTVSty1e the Ruffian (Draconian Transmuter)         Turns: 1902, Time: 00:04:17

Health: -4/37      AC:  5    Str: 13    XL:     4   Next: 38%
Magic:  7/7        EV: 12    Int: 14    God:
Gold:   101        SH:  0    Dex: 11    Spells: 6/7 levels left

rFire    . . .     SeeInvis .     - Unarmed
rCold    . . .     Gourm    .   (no shield)
rNeg     . . .     Faith    .   (armour unavailable)
rPois    .         Spirit   .   (helmet restricted)
rElec    .         Reflect  .   (no cloak)
rCorr    .         Harm     .   (no gloves)
MR       .....                  (no boots)
Stlth    +.........             (no amulet)
Regen    0.2/turn               (no ring)
MPRegen  0.1/turn               (no ring)

@: no status effects
A: unfitting armour, cold-blooded, AC +5
a: no special abilities


You were on level 2 of the Dungeon.
You were not hungry.

You visited 1 branch of the dungeon, and saw 2 of its levels.

You collected 101 gold pieces.

Inventory:

Missiles
 a - 12 arrows
Wands
 l - a wand of polymorph (10/24)
Scrolls
 d - a scroll of identify {unknown}
 g - a scroll of enchant armour
 h - a scroll of recharging {unknown}
 j - a scroll of amnesia {unknown}
 k - a scroll of teleportation {unknown}
 m - a scroll of remove curse {unknown}
 n - 3 scrolls of noise {unknown}
Books
 b - a book of Changes

   Spells                             Type                      Level
   a - Beastly Appendage              Transmutation                1
   b - Sticks to Snakes               Transmutation                2
   c - Spider Form                    Transmutation/Poison         3
   d - Ice Form                       Ice/Transmutation            4
   e - Blade Hands                    Transmutation                5
Comestibles
 c - 2 bread rations


   Skills:
 + Level 2.5 Fighting
 - Level 1.7 Dodging
 * Level 4.7 Unarmed Combat
 - Level 2.0 Spellcasting
 - Level 2.0 Transmutations


You had 6 spell levels left.
You knew the following spells:

 Your Spells              Type           Power        Failure   Level  Hunger
a - Beastly Appendage     Tmut           #.....       11%         1    ##.....


Dungeon Overview and Level Annotations

Branches:
Dungeon (2/15)

Altars:

Annotations:
D:2 Sigmund


Innate Abilities, Weirdness & Mutations

Your plain brown scales are hard. (AC +5)
You cannot fit into any form of body armour.
You are cold-blooded and may be slowed by cold attacks.


Message History

It was a potion of invisibility.
You fade into invisibility!
You are very lightly contaminated with residual magic.
It was a potion of lignification.
Your talons disappear.
You turn into a tree.
Your roots penetrate the ground.
You hear some strange, mumbled words.
You are more confused.
You cannot move. (Use ctrl+direction to attack without moving.)
You cannot move. (Use ctrl+direction to attack without moving.)
You cannot move. (Use ctrl+direction to attack without moving.) It was a potion of cancellation.
Your magical effects are unravelling.
You feel magically purged.
Your magical contamination has completely faded away.
You feel less wooden.
You flicker back into view.
You feel less confused. Something hits you.
* * * LOW HITPOINT WARNING * * *
Something hits you!
You die...

#.........#.###......#
#....##.##.)###......#
#....##.#....##....#..
#....?..##...##....##.
#.....####...##....###
...................#
...#.....#......#
#.#.###.#..###.#
#@.{.##.##.....#
#....##........###
#....#####..##.##.
#....# #.....##.
#....# #..##.##.
#....# #...#.##.
#....# #.#.#.##.
#....# #.#......
###### #.#...##.


There were no monsters in sight!

Vanquished Creatures
  Terence (D:2)
  A gnoll (D:1)
  2 oozes (D:1)
  A dart slug (D:2)
  2 leopard geckos
  5 giant cockroaches (D:1)
  7 goblins
  5 hobgoblins
  2 jackals (D:1)
  7 kobolds
  5 bats
  11 rats
49 creatures vanquished.

Vanquished Creatures (others)
  A plant (D:2)
1 creature vanquished.

Grand Total: 50 creatures vanquished

Notes
Turn   | Place    | Note
-------+----------+-------------------------------------------
     0 | D:1      | MTVSty1e the Draconian Transmuter began the quest for the Orb.
     0 | D:1      | Reached XP level 1. HP: 16/16 MP: 3/3
     1 | D:1      | Found a runed door.
   259 | D:1      | Reached XP level 2. HP: 21/23 MP: 3/5
  1193 | D:1      | Reached XP level 3. HP: 27/29 MP: 4/6
  1209 | D:1      | Reached skill level 4 in Unarmed Combat
  1583 | D:2      | Noticed Terence
  1619 | D:2      | Killed Terence
  1619 | D:2      | Reached XP level 4. HP: 30/37 MP: 5/7
  1884 | D:2      | Noticed Sigmund
  1902 | D:2      | Slain by Sigmund

Skill      XL: |  1  2  3 |
---------------+----------+-----
Fighting       | 2 |  2.5
Unarmed Combat | 4 |  4.7
Dodging        | |  1.7
Spellcasting   | |  2.0
Transmutations | |  2.0

Action                   |  1- 3 |  4- 6 || total
-------------------------+-------+-------++-------
Melee: Unarmed           |   164 |    19 ||   183
       Tailslap          |    16 |       ||    16
       Kick              |    13 |     3 ||    16
       Headbutt          |     5 |     2 ||     7
       Punch             |     2 |     2 ||     4
 Cast: Beastly Appendage |    16 |     5 ||    21
  Use: Scroll            |     1 |       ||     1
       Potion            |       |     4 ||     4
  Eat: Meat ration       |     1 |       ||     1
Armor: Skin              |    44 |     3 ||    47
Dodge: Dodged            |    87 |     8 ||    95
